 Dungeon Crawl Stone Soup version 0.21.1-1-g345015f (webtiles) character file.

208 Melicamp the Grave Robber (level 6, -6/32 HPs)
             Began as a Kobold Necromancer on Mar 23, 2018.
             Killed by divine providence
             ... invoked by an orc priest
              (15 damage)
             ... on level 3 of the Dungeon.
             The game lasted 00:28:31 (3385 turns).

Melicamp the Grave Robber (Kobold Necromancer)      Turns: 3385, Time: 00:28:31

Health: -6/32      AC:  2    Str:  6    XL:     6   Next: 11%
Magic:  0/10       EV: 15    Int: 17    God:
Gold:   140        SH:  0    Dex: 16    Spells: 1/11 levels left

rFire    . . .     SeeInvis .   g - -1 whip (curse)
rCold    . . .     Gourm    .   (shield restricted)
rNeg     . . .     Faith    .   a - +0 robe
rPois    .         Spirit   .   (no helmet)
rElec    .         Reflect  .   (no cloak)
rCorr    .         Harm     .   (no gloves)
MR       .....                  (no boots)
Stlth    ++........             (no amulet)
HPRegen  0.10/turn              (no ring)
MPRegen  0.12/turn              (no ring)

@: no status effects
A: small, carnivore
a: no special abilities


You were on level 3 of the Dungeon.
You were completely stuffed.

You visited 1 branch of the dungeon, and saw 3 of its levels.

You collected 140 gold pieces.

Inventory:

Hand Weapons
 g - a cursed -1 whip (weapon)
 j - a +0 whip
Missiles
 m - 20 stones (quivered)
Armour
 a - a +0 robe (worn)
 p - a +0 cloak
 u - a +1 scale mail of cold resistance
Jewellery
 q - an uncursed ring of protection from magic {unknown}
Scrolls
 d - a scroll of enchant weapon
 i - a scroll of amnesia
 k - a scroll of fear {unknown}
 t - a scroll of teleportation
 v - a scroll of magic mapping {unknown}
Potions
 e - a potion of degeneration {unknown}
 f - a potion of haste {unknown}
 h - 2 potions of lignification {unknown}
 l - a potion of berserk rage {unknown}
 n - a potion of invisibility {unknown}
 o - 2 potions of ambrosia {unknown}
 r - a potion of might {unknown}
Books
 b - a book of Necromancy

   Spells                             Type                      Level
   a - Pain                           Necromancy                   1
   b - Animate Skeleton               Necromancy                   1
   c - Vampiric Draining              Necromancy                   3
   d - Regeneration                   Charms/Necromancy            3
   e - Animate Dead                   Necromancy                   4
   f - Borgnjor's Vile Clutch         Necromancy/Earth             5
Comestibles
 c - 2 rations


   Skills:
 - Level 2.4 Dodging
 - Level 2.6 Stealth
 - Level 3.0 Spellcasting
 * Level 6.2 Necromancy
 + Level 1.4 Earth Magic


You had one spell level left.
You knew the following spells:

 Your Spells              Type           Power        Failure   Level  Hunger
a - Pain                  Necr           ###.         1%          1    None
b - Vampiric Draining     Necr           ###.......   4%          3    ###....
c - Animate Skeleton      Necr           N/A          1%          1    None
d - Borgnjor's Vile Clut  Necr/Erth      ###.......   69%         5    ######.


Dungeon Overview and Level Annotations

Branches:
Dungeon (3/15)

Altars:
Dithmenos
Sif Muna


Innate Abilities, Weirdness & Mutations

You are small and have problems with some larger weapons.
You are carnivorous and can eat meat at any time.


Message History

Confirm with . or Enter, or press ? or * to list all spells.
Aiming: Vampiric Draining
Press: ? - help, Shift-Dir - straight line, f/p - orc
Aim: an orc, wielding a flail and wearing a ring mail (severely wounded)
You kill the orc!
You feel life coursing into your body.
You close the door.
All of the chunks of flesh in your inventory have rotted away.
Casting: Vampiric Draining
Confirm with . or Enter, or press ? or * to list all spells.
Aiming: Pain
Press: ? - help, Shift-Dir - straight line, f - orc priest
Aim: an orc priest, wielding a dagger (chance to defeat MR: 83%)
The orc priest writhes in agony!
The orc priest mumbles some strange prayers to Beogh against you.
Pain shoots through your body!
* * * LOW HITPOINT WARNING * * *
The orc priest calls down the wrath of Beogh upon you.
Beogh smites you!
You die...

#...........#.##.####o#..#
####.#..###.#)##.##.)..#
#.#..# #.#.##..+)...+
###.#..###.#)##o##....#
..............##.##....#
####.##..##...##.##....#
#.##..##...##.####..).
####.##..##...##.#######..
##......<....>..@...........
#...#......#............# ..
....#......#...##.#######
....#......#.........#
..###................#
......##.....#.......#
...##.##.....#.#......#
......##.....#.#..#...#
........#.#..#.#......


You could see an orc priest.

Vanquished Creatures
  An orc wizard (D:3)
  Terence (D:3)
  4 adders
  3 gnolls
  An ooze (D:2)
  A worm (D:2)
  2 dart slugs
  4 leopard geckos
  3 orcs (D:3)
  8 bats
  3 giant cockroaches
  6 goblins
  6 hobgoblins
  4 jackals (D:1)
  A quokka (D:3)
  11 kobolds
  7 rats
66 creatures vanquished.

Vanquished Creatures (collateral kills)
  An adder (D:3)
  A worm (D:3)
  A hobgoblin (D:2)
3 creatures vanquished.

Grand Total: 69 creatures vanquished

Notes
Turn   | Place    | Note
-------+----------+-------------------------------------------
     0 | D:1      | Melicamp the Kobold Necromancer began the quest for the Orb.
     0 | D:1      | Reached XP level 1. HP: 10/10 MP: 3/3
   288 | D:1      | Reached XP level 2. HP: 15/15 MP: 3/5
   769 | D:1      | Reached XP level 3. HP: 11/19 MP: 1/7
  1325 | D:1      | Learned a level 3 spell: Vampiric Draining
  1327 | D:1      | Learned a level 1 spell: Animate Skeleton
  1630 | D:2      | Reached XP level 4. HP: 14/24 MP: 3/8
  1702 | D:2      | Reached skill level 5 in Necromancy
  2265 | D:2      | Reached XP level 5. HP: 23/28 MP: 2/9
  2493 | D:2      | Found a shadowy altar of Dithmenos.
  2669 | D:2      | Learned a level 5 spell: Borgnjor's Vile Clutch
  2734 | D:2      | Found a deep blue altar of Sif Muna.
  2990 | D:3      | Noticed Terence
  3011 | D:3      | Killed Terence
  3011 | D:3      | Reached skill level 1 in Earth Magic
  3012 | D:3      | Reached skill level 6 in Necromancy
  3363 | D:3      | Reached XP level 6. HP: 30/32 MP: 5/10
  3385 | D:3      | Killed from afar by an orc priest

Skill      XL: |  1  2  3  4  5 |
---------------+----------------+-----
Spellcasting   | 3 |  3.0
Necromancy     | 5 6 |  6.2
Earth Magic    | 1 |  1.4
Dodging        | |  2.4
Stealth        | |  2.6

Action                   |  1- 3 |  4- 6 || total
-------------------------+-------+-------++-------
Melee: Unarmed           |     7 |       ||     7
       Whip              |     8 |    17 ||    25
Throw: Stone             |     2 |    16 ||    18
 Cast: Pain              |    50 |    81 ||   131
       Vampiric Draining |     4 |     6 ||    10
       Animate Skeleton  |       |    10 ||    10
  Use: Scroll            |     3 |     1 ||     4
 Stab: Sleeping          |     2 |       ||     2
       Distracted        |       |     1 ||     1
  Eat: Chunk             |    11 |     6 ||    17
Armor: Robe              |     5 |     4 ||     9
Dodge: Dodged            |    37 |    25 ||    62
